AoeStats
← OxO

Arena

509588715Analyzed
4v4 RM · 5d ago on Sep 27, 2026· 62m 2s· 8 players
Game mode
Random Map
Map size
Large (8 player)
Population
200
Speed
Normal
Resources
Standard
Victory
Conquest
Starting age
Dark Age
Ending age
Imperial Age
RankedLock teamsTeams togetherTeam positionsShared explorationLock speedFull tech treeHidden civsTurbo modeCheats
Victory
Defeat
🇵🇱 Khmer · Poland
687
+14
🇧🇪 Vietnamese · Belgium
685
+14
🇷🇴 Franks · Romania
667
+15
🇫🇷 Bengalis · France
650
+16
🇲🇽 Romans · Mexico
701
-16
🇧🇬 Dravidians · Bulgaria
676
-16
🇦🇺 Britons · Australia
650
-15
🇧🇬 Romans · Bulgaria
577
-12
Mudrifikator
11:35 Feudal Age
13:06 Wheelbarrow
12:19 Double-Bit Axe
14:27 Horse Collar
21:13 Castle Age
23:59 Bow Saw
23:52 Heavy Plow
24:55 Gold Mining
26:10 Light Cavalry
28:41 Gold Shaft Mining
27:56 Stone Mining
28:16 Stone Mining
31:56 Caravan
32:57 Hand Cart
34:49 Ballistics
34:40 Fortified Wall
34:37 Town Watch
40:41 Imperial Age
38:48 Masonry
41:08 Heavy Scorpion
41:51 Elite Skirmisher
44:53 Double Crossbow
44:55 Cavalier
46:38 Husbandry
46:50 Bloodlines
48:29 Hussar
53:36 Conscription
52:37 Elite Ballista Elephant
53:33 Fletching
53:54 Forging
53:49 Scale Barding Armor
54:16 Pikeman
54:42 Arson
alexdoctorofsoul
12:06 Feudal Age
14:31 Double-Bit Axe
20:00 Gold Mining
20:01 Stone Mining
25:25 Castle Age
25:15 Wheelbarrow
27:54 Gold Shaft Mining
27:42 Caravan
28:50 Hand Cart
29:57 Bow Saw
32:27 Fortified Wall
35:19 Imperial Age
35:35 Cavalier
37:17 Chemistry
36:27 Chivalry
37:57 Paladin
43:53 Elite Throwing Axeman
OxO
13:31 Feudal Age
18:51 Castle Age
21:34 Fortified Wall
24:38 Horse Collar
29:12 Imperial Age
26:30 Town Watch
26:54 Fletching
28:01 Pikeman
31:24 Bodkin Arrow
31:30 Padded Archer Armor
32:32 Elite Rattan Archer
34:53 Paper Money
37:15 Halberdier
37:55 Squires
40:13 Bracer
44:28 Light Cavalry
45:18 Bloodlines
48:37 Caravan
49:08 Coinage
48:49 Guilds
50:00 Husbandry
50:04 Scale Mail Armor
50:10 Scale Barding Armor
50:15 Forging
SosoAllstar
11:17 Feudal Age
12:12 Feudal Age
13:04 Loom
15:20 Double-Bit Axe
15:17 Horse Collar
16:30 Wheelbarrow
18:23 Castle Age
21:12 Bow Saw
22:07 Fervor
23:44 Hand Cart
24:00 Forging
24:02 Scale Barding Armor
24:05 Gold Mining
28:47 Imperial Age
28:05 Husbandry
28:16 Bloodlines
28:47 Iron Casting
28:34 Chain Barding Armor
28:20 Caravan
31:52 Blast Furnace
32:29 Gold Shaft Mining
32:49 Elite Battle Elephant
34:20 Plate Barding Armor
35:19 Stone Mining
36:32 Two-Man Saw
35:35 Heavy Plow
35:44 Siege Elephant
38:46 Fletching
38:58 Padded Archer Armor
39:21 Ballistics
40:03 Chemistry
38:43 Elite Elephant Archer
49:52 Paiks
50:11 Mahayana
50:12 Conscription
53:00 Bodkin Arrow
53:21 Leather Archer Armor
53:20 Masonry
53:04 Guard Tower
60:00 Bracer
60:30 Ring Archer Armor
Juan86852
3:38 Loom
11:19 Feudal Age
18:12 Castle Age
16:58 Stone Mining
18:06 Horse Collar
30:33 Scale Barding Armor
31:29 Wheelbarrow
31:23 Ballistas
33:34 Heavy Plow
34:57 Forging
38:37 Imperial Age
JP_AoE2
10:46 Feudal Age
12:14 Wheelbarrow
11:50 Double-Bit Axe
12:42 Horse Collar
15:05 Gold Mining
15:10 Stone Mining
20:01 Castle Age
19:14 Padded Archer Armor
19:05 Fletching
21:36 Hand Cart
24:18 Fervor
24:52 Bow Saw
30:15 Gold Shaft Mining
34:34 Imperial Age
32:58 Yeomen
33:41 Leather Archer Armor
33:22 Bodkin Arrow
34:46 Ballistics
34:24 Murder Holes
34:14 Treadmill Crane
36:10 Conscription
36:22 Elite Longbowman
39:06 Chemistry
38:17 Fortified Wall
43:32 Pikeman
44:13 Squires
44:53 Hoardings
44:36 Halberdier
45:51 Ring Archer Armor
45:22 Bracer
45:25 Scale Mail Armor
48:56 Chain Mail Armor
48:53 Forging
50:21 Two-Man Saw
52:43 Iron Casting
52:14 Scale Barding Armor
54:54 Plate Mail Armor
55:25 Blast Furnace
yomamacry
0:29 Loom
0:33 Loom
8:15 Loom
8:26 Loom
10:45 Feudal Age
12:19 Wheelbarrow
11:26 Horse Collar
11:33 Double-Bit Axe
18:52 Fletching
19:38 Forging
18:57 Man-at-Arms
20:16 Stone Mining
20:19 Gold Mining
22:49 Castle Age
24:22 Town Watch
24:53 Hand Cart
24:41 Heavy Plow
24:53 Bow Saw
24:21 Long Swordsman
25:51 Town Patrol
26:16 Gambesons
26:39 Scale Mail Armor
27:44 Caravan
29:46 Elite Skirmisher
31:04 Murder Holes
31:06 Bodkin Arrow
36:31 Imperial Age
34:44 Pikeman
35:24 Squires
36:11 Chain Mail Armor
36:32 Iron Casting
35:58 Padded Archer Armor
38:22 Chemistry
37:34 Fortified Wall
37:45 Ballistics
37:06 Halberdier
41:04 Hoardings
41:18 Leather Archer Armor
42:04 Blast Furnace
41:36 Plate Mail Armor
41:06 Bracer
41:53 Thumb Ring
47:40 Elite Urumi Swordsman
49:30 Ring Archer Armor
GeorgiSlavkov
4:22 Loom
11:11 Feudal Age
11:48 Double-Bit Axe
12:11 Horse Collar
16:14 Wheelbarrow
15:27 Town Watch
15:35 Gold Mining
15:37 Stone Mining
19:34 Castle Age
21:34 Heavy Plow
21:45 Bow Saw
22:13 Gold Shaft Mining
25:08 Scale Barding Armor
25:05 Scale Mail Armor
25:16 Forging
29:23 Hand Cart
32:00 Chain Barding Armor
31:56 Chain Mail Armor
35:45 Imperial Age
34:26 Town Patrol
35:16 Iron Casting
35:54 Elite Centurion
37:27 Caravan
42:38 Squires
41:59 Pikeman
43:35 Conscription
43:42 Comitatenses
44:25 Plate Barding Armor
44:51 Blast Furnace
44:38 Crop Rotation
44:28 Fortified Wall
44:15 Murder Holes
44:32 Masonry
44:00 Halberdier
Connection lost

Rejoining the realm…

Still unreachable

The connection could not be restored.

Session expired

The server has moved on; the page needs a fresh start.